 Dungeon Crawl Stone Soup version 0.25-a0-503-ge281fa6 (webtiles) character file.

Game seed: 7794445117482200973, levelgen mode: deterministic

44971 15 the Thaumaturge (level 13, -1/128 HPs)
             Began as a Purple Draconian Transmuter on Feb 13, 2020.
             Was a High Priest of Sif Muna.
             Killed from afar by a frost giant (5 damage)
             ... with a bolt of cold
             ... on level 15 of the Dungeon on Feb 14, 2020.
             The game lasted 01:44:13 (16136 turns).

15 the Thaumaturge (Purple Draconian Transmuter)   Turns: 16136, Time: 01:44:14

Health: -1/128     AC:  7    Str: 15    XL:     13   Next: 99%
Magic:  27/27      EV: 18    Int: 17    God:    Sif Muna [*****.]
Gold:   911        SH:  0    Dex: 11    Spells: 0/32 levels left

rFire    x . .     SeeInvis .     - Unarmed
rCold    + + +     Gourm    .   (shield currently unavailable)
rNeg     . . .     Faith    .   (armour unavailable)
rPois    +         Spirit   .   (helmet currently unavailable)
rElec    .         Reflect  .   (cloak currently unavailable)
rCorr    .         Harm     .   (gloves currently unavailable)
MR       +....                  (boots currently unavailable)
Stlth    +++.......             d - amulet of regeneration
HPRegen  0.71/turn              e - ring of protection from cold
MPRegen  0.20/turn              h - +5 ring of evasion

@: ice-form
A: large, (breathe power), unfitting armour, AC +8
a: End Transformation, Channel Magic, Forget Spell, Divine Exegesis, Renounce
Religion


You were on level 15 of the Dungeon.
You worshipped Sif Muna.
Sif Muna was extremely pleased with you.
You were not hungry.
You were a creature of crystalline ice.
You visited 2 branches of the dungeon, and saw 16 of its levels.
You also visited: Gauntlet.

You collected 911 gold pieces.

Inventory:

Hand Weapons
 D - the +7 falchion of Articulation {pain, -Tele rPois Int+5}
   (You found it in a Gauntlet)

   In the hands of one skilled in necromantic magic, it inflicts extra damage on
   living creatures.
   It affects your intelligence (+5).
   It protects you from poison.
   It prevents most forms of teleportation.
 F - a +7 halberd of venom
Missiles
 a - 684 arrows
 G - 14 javelins (quivered)
Armour
 u - a +1 hat of see invisible (melded)
 A - a +0 pair of boots (melded)
 H - a +0 pair of gloves (melded)
 K - a scarf of repulsion (melded)
Jewellery
 d - an amulet of regeneration (around neck)
 e - a ring of protection from cold (left front paw)
 h - a +5 ring of evasion (right front paw)
 k - an uncursed ring of flight
 m - an uncursed ring of resist corrosion
Wands
 i - a wand of iceblast (5)
 j - a wand of flame (12)
 l - a wand of digging (3)
 q - a wand of acid (4)
 r - a wand of random effects (38)
 w - a wand of enslavement (10)
 y - a wand of disintegration (29)
 z - a wand of polymorph (6)
 C - a wand of paralysis (3)
Scrolls
 f - 3 scrolls of magic mapping
 n - 6 scrolls of enchant weapon
 o - a scroll of remove curse
 p - 3 scrolls of teleportation
 t - a scroll of amnesia
 v - a scroll of identify
 J - a scroll of enchant armour
Potions
 b - a potion of lignification
 g - 2 potions of curing
 s - a potion of magic
 x - a potion of mutation
 B - a potion of flight
Comestibles
 c - 20 rations
 E - 12 chunks of flesh


   Skills:
 * Level 8.2 Fighting
 + Level 0.2 Long Blades
 * Level 6.9 Dodging
 + Level 4.8 Stealth
 + Level 10.2 Unarmed Combat
 * Level 10.3 Spellcasting
 * Level 6.0 Conjurations
 + Level 2.1 Summonings
 * Level 8.5 Transmutations
 * Level 5.7 Fire Magic
 * Level 6.0 Ice Magic
 * Level 5.3 Air Magic
 + Level 1.9 Poison Magic
 * Level 7.1 Invocations
 * Level 7.3 Evocations


You couldn't memorise any spells.
You knew the following spells:

 Your Spells              Type           Power        Failure   Level  Hunger
a - Beastly Appendage     Tmut           #####.       1%          1    None
b - Sticks to Snakes      Tmut           #####...     1%          2    None
c - Spider Form           Tmut/Pois      ####......   2%          3    None
d - Ice Form              Ice/Tmut       ####....     4%          4    ###....
e - Blade Hands           Tmut           #####.....   7%          5    #####..
f - Summon Ice Beast      Ice/Summ       ###.....     16%         4    ###....
g - Foxfire               Conj/Fire      ####         1%          1    None
h - Mephitic Cloud        Conj/Pois/Air  ###.....     4%          3    None
i - Sticky Flame          Conj/Fire      ####....     8%          4    ###....
j - Fireball              Conj/Fire      ####......   21%         5    #####..

Your spell library contained the following spells:

 Spells                   Type           Power        Failure   Level  Hunger
 Passwall                 Tmut/Erth      ###.....     2%          2    None
 Poisonous Vapours        Pois/Air       ###...       2%          2    None
 Conjure Flame            Conj/Fire      ####....     2%          3    None
 Ignite Poison            Fire/Tmut/Pois ####....     2%          3    None
 Summon Butterflies       Summ           ###.....     3%          1    None
 Summon Small Mammal      Summ           ###.         3%          1    None
 Call Imp                 Summ           ###.....     5%          2    None
 Hailstorm                Conj/Ice       ####....     7%          4    ###....
 Inner Flame              Hex/Fire       ###.....     8%          3    None
 Apportation              Tloc           #.....       9%          1    None
 Call Canine Familiar     Summ           ###.....     11%         3    None
 Summon Guardian Golem    Hex/Summ       ##......     16%         3    None
 Summon Lightning Spire   Summ/Air       ###.....     19%         4    ###....
 Gell's Gravitas          Tloc           #.........   26%         3    None
 Lesser Beckoning         Tloc           #.........   26%         3    None
 Tukima's Dance           Hex            #.......     26%         3    None
 Alistair's Intoxication  Tmut/Pois      ####....     26%         5    #####..
 Metabolic Englaciation   Hex/Ice        ###.......   54%         5    #####..
 Ozocubu's Refrigeration  Ice            ####......   71%         6    ######.
 Freezing Cloud           Conj/Ice/Air   ####......   75%         6    ######.
 Invisibility             Hex            #.......     100%        6    ######.
 Ring of Flames           Chrm/Fire      ###.......   100%        7    #######
 Disjunction              Tloc           #.........   100%        8    #######
 Glaciate                 Conj/Ice       ####......   100%        9    #######


Dungeon Overview and Level Annotations

Branches:
Dungeon (15/15)            Temple (1/1) D:5            Lair (0/6) D:11
    Orc (0/2) D:11         Vaults (0/5) D:13         Depths (0/5) D:15
Gauntlet (visited)

Altars:
Ashenzari
Cheibriados
Dithmenos
Elyvilon
Fedhas
Gozag
Hepliaklqana
Kikubaaqudgha
Makhleb
Nemelex Xobeh
Okawaru
Qazlal
Ru
Sif Muna
Trog
Uskayaw
Vehumet
Wu Jian
Xom
Yredelemnul
Zin
The Shining One
Beogh

Shops:
D:10 [

Annotations:
D:10 3 runed translucent doors, ToastGoats's ghost, journeyman MiFi
D:11 2 runed translucent doors, CowFu's ghost, journeyman DrMo
D:13 6 runed translucent doors


Innate Abilities, Weirdness & Mutations

((You can breathe bolts of dispelling energy.))
((Your rich purple scales are hard. (AC +8)))
You cannot fit into any form of body armour.
((You are cold-blooded and may be slowed by cold attacks.))


Message History

The frost giant hits you with a +1 battleaxe of freezing!!
* * * LOW HITPOINT WARNING * * *
The frost giant freezes you.
* * * LOW HITPOINT WARNING * * *
There is a staircase to the Depths here.
As you read the scroll of fear, it crumbles to dust.
You assume a fearsome visage.
The cyclops looks frightened!
The frost giant resists with almost no effort.
Okay, then.
You feel better.
The frost giant hits you with a +1 battleaxe of freezing!!
* * * LOW HITPOINT WARNING * * *
The frost giant freezes you.
* * * LOW HITPOINT WARNING * * *
The cyclops gives up.
Unknown command.
Unknown command.
The frost giant gestures at you while chanting.
The bolt of cold hits you. You resist.
You die...

...# ...# ...#
...# ############
..<####≈≈.......C#
......#≈.#≈≈≈###'#
......#......#C..#
......'.##≈..#.>.#
.....##......#..Y#
.....##≈.#≈≈≈###'#
......#≈≈....)...#
##################


You could see a frost giant and a cyclops (fleeing).

Vanquished Creatures
  A minotaur (Gauntlet)
  2 vault guards (D:13)
  Harold (D:9)
  7 centaur warriors
  Erica (D:11)
  7 two-headed ogres
  A tengu warrior (Gauntlet)
  3 large abominations (Gauntlet)
  An orange crystal statue (D:13)
  3 unseen horrors
  2 deep elf magi
  13 ugly things
  A worldbinder (Gauntlet)
  Maurice (D:13)
  Joseph (D:9)
  A gargoyle (D:13)
  3 komodo dragons
  5 kobold demonologists
  A freezing wraith (D:13)
  3 tengu conjurers
  4 trolls
  4 hornets
  3 slime creatures (D:14)
  3 hippogriffs
  Sigmund (D:3)
  A shadow (D:14)
  2 wyverns (D:12)
  A vampire (D:14)
  7 yaks
  10 humans
  A hungry ghost (D:11)
  A fire elemental (D:13)
  3 vampire mosquitoes
  Menkaure (D:4)
  A soldier ant (D:14)
  2 water moccasins (D:10)
  10 orc warriors
  4 porcupines (D:11)
  An eye of draining (D:9)
  3 black bears
  4 ice beasts
  A phantom (D:10)
  2 sky beasts
  4 necrophages
  3 wolves (D:11)
  2 boggarts (Gauntlet)
  10 ogres
  17 centaurs
  3 crocodiles (D:11)
  5 big kobolds
  7 bullfrogs
  A water moccasin zombie (D:8)
  9 scorpions
  A water moccasin skeleton (D:10)
  3 small abominations (Gauntlet)
  8 killer bees (D:8)
  11 wights
  7 crimson imps
  2 bullfrog zombies
  2 centaur zombies
  3 quasits
  4 jellies
  6 orc priests
  A bullfrog skeleton (D:6)
  5 hounds
  13 orc wizards
  2 centaur skeletons
  A gnoll shaman (D:4)
  Natasha (thrice) (D:4)
  3 iguanas
  Ijyb (D:4)
  16 worker ants
  A worker ant zombie (D:9)
  3 gnolls (D:4)
  A howler monkey skeleton (D:8)
  8 adders
  4 shadow imps
  3 oozes
  An adder zombie (D:6)
  An adder skeleton (D:5)
  A worm (D:2)
  A dart slug (D:1)
  6 leopard geckos
  44 orcs
  A ball python (D:2)
  4 giant cockroaches
  8 goblins
  7 hobgoblins
  6 jackals
  5 quokkas
  A bat (D:1)
  6 frilled lizards
  28 kobolds
  7 rats
428 creatures vanquished.

Vanquished Creatures (collateral kills)
  A death knight (D:12)
  A two-headed ogre (D:13)
  A deep elf mage (D:12)
  A troll (D:13)
  2 hippogriffs
  A yak (D:12)
  2 centaurs (D:15)
  2 big kobolds (D:12)
  A bullfrog (D:13)
  An iguana (D:4)
  2 adders (D:2)
  A worm (D:5)
  4 orcs
  A kobold (D:12)
21 creatures vanquished.

Vanquished Creatures (others)
  A human (D:13)
  A centaur (D:10)
  A big kobold (D:12)
  A bullfrog (D:13)
  2 kobolds (D:10)
  14 demonic plants (Gauntlet)
  85 foxfires
  A fungus (D:11)
106 creatures vanquished.

Grand Total: 555 creatures vanquished

Notes
Turn   | Place    | Note
-------+----------+-------------------------------------------
     0 | D:1      | 15 the Draconian Transmuter began the quest for the Orb.
     0 | D:1      | Reached XP level 1. HP: 16/16 MP: 3/3
    67 | D:1      | Reached XP level 2. HP: 20/23 MP: 5/5
   555 | D:1      | Learned a level 2 spell: Sticks to Snakes
   579 | D:1      | Reached XP level 3. HP: 16/28 MP: 4/6
   980 | D:2      | Learned a level 3 spell: Spider Form
  1085 | D:2      | Found a shimmering altar of Xom.
  1086 | D:2      | Found a glowing golden altar of the Shining One.
  1092 | D:2      | Found a shimmering blue altar of Sif Muna.
  1096 | D:2      | Found a blossoming altar of Fedhas.
  1104 | D:2      | Became a worshipper of Sif Muna the Loreminder
  1185 | D:2      | Found a sacrificial altar of Ru.
  1345 | D:2      | Reached XP level 4. HP: 33/35 MP: 2/7
  1490 | D:3      | Found a sacrificial altar of Ru.
  1557 | D:3      | Noticed Sigmund
  1622 | D:3      | Killed Sigmund
  1622 | D:3      | Reached skill level 5 in Unarmed Combat
  1622 | D:3      | Reached XP level 5. HP: 33/40 MP: 7/9
  1648 | D:3      | Reached XP level 6. HP: 45/47 MP: 8/10
  1692 | D:3      | Learned a level 4 spell: Ice Form
  2280 | D:4      | Noticed Menkaure
  2316 | D:4      | Noticed Natasha
  2326 | D:4      | Killed Natasha
  2326 | D:4      | Reached * piety under Sif Muna
  2418 | D:4      | Reached skill level 1 in Stealth
  2509 | D:4      | Noticed Natasha
  2519 | D:4      | Killed Natasha
  2636 | D:4      | Noticed Natasha
  2668 | D:4      | Killed Natasha
  2839 | D:4      | Your scales start taking on a rich purple colour.
  2839 | D:4      | Reached XP level 7. HP: 30/53 MP: 3/13
  2932 | D:4      | Noticed Ijyb
  2978 | D:4      | Killed Ijyb
  3240 | D:4      | Reached ** piety under Sif Muna
  3360 | D:4      | Killed Menkaure
  3360 | D:4      | Reached skill level 5 in Spellcasting
  3427 | D:5      | Entered Level 5 of the Dungeon
  3624 | D:5      | Reached skill level 1 in Invocations
  3624 | D:5      | Reached XP level 8. HP: 62/62 MP: 10/16
  3782 | D:5      | Found a staircase to the Ecumenical Temple.
  3798 | Temple   | Entered the Ecumenical Temple
  4461 | D:6      | Learned a level 5 spell: Blade Hands
  5667 | D:7      | Learned a level 4 spell: Summon Ice Beast
  5692 | D:7      | Noticed a hippogriff
  5704 | D:7      | Killed a hippogriff
  5704 | D:7      | Reached *** piety under Sif Muna
  5704 | D:7      | Reached skill level 5 in Transmutations
  5704 | D:7      | Reached skill level 1 in Poison Magic
  5803 | D:7      | Reached XP level 9. HP: 71/71 MP: 13/18
  6030 | D:8      | Noticed a two-headed ogre
  6047 | D:8      | Killed a two-headed ogre
  6047 | D:8      | Reached skill level 1 in Ice Magic
  6223 | D:8      | Noticed a two-headed ogre
  6235 | D:8      | Killed a two-headed ogre
  6235 | D:8      | Reached skill level 5 in Fighting
  6235 | D:8      | Reached skill level 1 in Summonings
  6235 | D:8      | Reached skill level 1 in Evocations
  6242 | D:8      | Learned a level 1 spell: Foxfire
  6382 | D:8      | Noticed a two-headed ogre
  6508 | D:8      | Noticed a two-headed ogre
  6733 | D:8      | Killed a two-headed ogre
  6733 | D:8      | Reached skill level 1 in Conjurations
  6733 | D:8      | Reached XP level 10. HP: 81/81 MP: 20/20
  6967 | D:8      | Killed a two-headed ogre
  6967 | D:8      | Reached skill level 1 in Fire Magic
  7325 | D:9      | Reached **** piety under Sif Muna
  7552 | D:9      | Noticed Joseph
  7578 | D:9      | Killed Joseph
  7867 | D:9      | Noticed Harold
  7887 | D:9      | Killed Harold
  7887 | D:9      | Reached skill level 5 in Dodging
  8030 | D:9      | Reached XP level 11. HP: 89/89 MP: 17/22
  8106 | D:9      | Found a shadowy altar of Dithmenos.
  8106 | D:9      | Found a hide-covered altar of Uskayaw.
  8247 | D:10     | Entered Level 10 of the Dungeon
  8265 | D:10     | Found Ganud's Antique Armour Shop.
  8305 | D:10     | Reached skill level 5 in Invocations
  8466 | D:10     | Noticed a two-headed ogre
  8614 | D:10     | Reached ***** piety under Sif Muna
  8655 | D:10     | Noticed a deep elf mage
  8664 | D:10     | Killed a deep elf mage
  8766 | D:10     | Received a gift from Sif Muna
  8777 | D:10     | Learned a level 3 spell: Mephitic Cloud
  9100 | D:10     | Killed a two-headed ogre
  9100 | D:10     | Reached skill level 1 in Air Magic
  9261 | D:10     | Found a runed translucent gate.
  9261 | D:10     | Found a runed translucent gate.
  9261 | D:10     | Found a runed translucent gate.
  9263 | D:10     | Noticed ToastGoats's ghost (journeyman MiFi)
  9500 | D:11     | Found a staircase to the Lair.
  9801 | D:11     | Killed an unseen horror
  9923 | D:11     | Found a runed translucent door.
  9930 | D:11     | Found a runed translucent door.
  9930 | D:11     | Noticed Erica
  9935 | D:11     | Noticed a skeletal warrior
  9939 | D:11     | Noticed a lich
  9942 | D:11     | Noticed a necromancer
  9948 | D:11     | Killed Erica
  9948 | D:11     | Reached skill level 5 in Evocations
  9953 | D:11     | Noticed CowFu's ghost (journeyman DrMo)
  9954 | D:11     | Noticed a yaktaur captain
  9956 | D:11     | Noticed a deep troll earth mage
  9956 | D:11     | Noticed a skeletal warrior
 10086 | D:11     | Found a staircase to the Orcish Mines.
 10092 | D:11     | Learned a level 4 spell: Sticky Flame
 10563 | D:11     | Reached XP level 12. HP: 97/97 MP: 24/24
 10712 | D:12     | Found a gate leading to a gauntlet.
 10722 | Gauntlet | Entered a Gauntlet
 10722 | Gauntlet | Found a transporter.
 10722 | Gauntlet | Found a transporter.
 10722 | Gauntlet | Found a transporter.
 10724 | Gauntlet | Found a transporter.
 10725 | Gauntlet | Found a transporter.
 10728 | Gauntlet | Found a transporter.
 10728 | Gauntlet | Noticed a queen ant
 10737 | Gauntlet | Found a transporter.
 10738 | Gauntlet | Found a transporter.
 10738 | Gauntlet | Found a transporter.
 10739 | Gauntlet | Found a transporter.
 10753 | Gauntlet | Found a runed translucent door.
 10755 | Gauntlet | Found a runed translucent door.
 10758 | Gauntlet | Noticed a tengu warrior
 10762 | Gauntlet | Found a transporter.
 10762 | Gauntlet | Found a transporter.
 11030 | Gauntlet | Killed a tengu warrior
 11072 | Gauntlet | Got a shimmering falchion
 11074 | Gauntlet | Got an ancient cloak
 11151 | Gauntlet | Identified the +2 cloak of Foiq {+Inv rPois Str-5} (You
                  | found it in a Gauntlet)
 11165 | Gauntlet | Noticed a minotaur
 11174 | Gauntlet | Killed a minotaur
 11174 | Gauntlet | Received a gift from Sif Muna
 11432 | D:12     | Noticed a death knight
 11447 | D:12     | Killed a death knight
 11883 | D:12     | Noticed a centaur warrior
 11995 | D:12     | Killed a centaur warrior
 12365 | D:12     | Noticed a two-headed ogre
 12374 | D:12     | Killed a two-headed ogre
 12374 | D:12     | Reached skill level 5 in Conjurations
 12547 | D:13     | Identified the +7 falchion of Articulation {pain, -Tele
                  | rPois Int+5} (You found it in a Gauntlet)
 12556 | D:13     | Noticed a two-headed ogre
 12582 | D:13     | Killed a two-headed ogre
 12582 | D:13     | Reached skill level 5 in Ice Magic
 12622 | D:13     | Noticed a two-headed ogre
 12633 | D:13     | Killed a two-headed ogre
 12924 | D:13     | Noticed a centaur warrior
 12933 | D:13     | Killed a centaur warrior
 12942 | D:13     | Reached XP level 13. HP: 106/106 MP: 22/26
 13075 | D:13     | Noticed a tengu reaver
 13079 | D:13     | Noticed a tengu reaver
 13082 | D:13     | Noticed Maurice
 13082 | D:13     | Noticed a storm dragon
 13090 | D:13     | Killed Maurice
 13147 | D:13     | Identified Sif Muna's Guide on Unstable Orientation (Sif
                  | Muna gifted it to you on level 13 of the Dungeon)
 13147 | D:13     | Received a gift from Sif Muna
 13221 | D:13     | Identified the +2 robe of Fieleb {MR+ Int+4}
 13351 | D:13     | Found a roughly hewn altar of Beogh.
 13363 | D:13     | Reached skill level 5 in Fire Magic
 13829 | D:13     | Found a runed translucent gate.
 13829 | D:13     | Found a runed translucent gate.
 13829 | D:13     | Found a runed translucent gate.
 13889 | D:13     | Found a runed translucent gate.
 13889 | D:13     | Found a runed translucent gate.
 13889 | D:13     | Found a runed translucent gate.
 14595 | D:13     | Found a gate to the Vaults.
 14741 | D:14     | Reached skill level 10 in Spellcasting
 15000 | D:14     | Learned a level 5 spell: Fireball
 15064 | D:14     | Reached skill level 10 in Unarmed Combat
 15097 | D:14     | Identified Sif Muna's Volume of the Frostbite (Sif Muna
                  | gifted it to you on level 14 of the Dungeon)
 15097 | D:14     | Received a gift from Sif Muna
 15216 | D:14     | Reached skill level 5 in Air Magic
 15960 | D:15     | Entered Level 15 of the Dungeon
 16120 | D:15     | Found a staircase to the Depths.
 16120 | D:15     | Noticed a frost giant
 16135 | D:15     | HP: 5/128 [frost giant/+1 battleaxe of freezing (20)]
 16136 | D:15     | Killed from afar by a frost giant

Levels and vault maps discovered:
D:1:      erik_arrival_gehennom, layout_rooms
D:2:      layout_rooms, grunt_temple_overflow_open, overflow_temple_1_default
D:3:      layout_loops_ring, nicolae_ru_the_path_less_chosen, uniq_sigmund
D:4:      layout_gridville, hangedman_feature_mirror, uniq_menkaure,
          uniq_natasha, uniq_ijyb
D:5:      layout_loops_cross, minmay_temple_entry_hall, first_ration
D:6:      layout_layer_cave
D:7:      layout_basic
D:8:      layout_basic
D:9:      layout_loops_ring, gammafunk_temple_overflow_pools, uniq_joseph,
          uniq_harold
D:10:     layout_loops_corners, serial_shops, shop,
          gammafunk_ghost_nasty_kobolds, hangedman_stone_soup
D:11:     layout_roguey, minmay_lair_entry_grove, orc_0_dummy,
          muffindrake_ghost_dual_entry, uniq_erica
D:12:     layout_gridville, gauntlet_entry_generic
D:13:     kennysheep_treasure_stockpile, layout_rooms,
          ximxim_vaults_locker_room, special_room [special_room_orc],
          minmay_statue_bubble, uniq_maurice
D:14:     layout_roguey, nrook_campfire, solitary_fountain
D:15:     grunt_enter_depths_snipers, layout_stronghold, corexii_corridor_pit
Temple:   regret_index_temple_waves

Skill      XL: |  1  2  3  4  5  6  7  8  9 10 11 12 13 |
---------------+----------------------------------------+-----
Dodging        | 2 3 4 5 6 |  6.9
Unarmed Combat | 4 5 6 7 8 9 10 | 10.2
Spellcasting   | 3 4 5 6 7 8 9 10 | 10.3
Transmutations | 3 4 5 6 7 8 |  8.5
Stealth        | 1 2 3 4 |  4.8
Fighting       | 2 4 5 6 7 8 |  8.2
Invocations    | 1 2 3 4 5 6 7 |  7.1
Poison Magic   | 1 |  1.9
Ice Magic      | 1 2 4 5 6 |  6.0
Summonings     | 1 2 |  2.1
Evocations     | 2 3 5 6 7 |  7.3
Conjurations   | 1 2 3 5 6 |  6.0
Fire Magic     | 2 3 4 5 |  5.7
Air Magic      | 2 4 5 |  5.3
Long Blades    | |  0.2

Action                   |  1- 3 |  4- 6 |  7- 9 | 10-12 | 13-15 || total
-------------------------+-------+-------+-------+-------+-------++-------
Melee: Unarmed           |   146 |   120 |   355 |   624 |   446 ||  1691
       Tailslap          |    10 |     6 |    23 |    26 |    65 ||   130
       Punch             |     2 |     2 |     8 |     2 |    13 ||    27
       Headbutt          |     4 |     7 |    20 |     8 |    26 ||    65
       Kick              |     6 |     4 |     1 |    21 |       ||    32
       Falchion          |       |       |       |     4 |    13 ||    17
 Cast: Beastly Appendage |    12 |    10 |    19 |    20 |    16 ||    77
       Sticks to Snakes  |     2 |     9 |    12 |     4 |     3 ||    30
       Spider Form       |     1 |     7 |    10 |     9 |     1 ||    28
       Ice Form          |       |       |     3 |    30 |     7 ||    40
       Foxfire           |       |       |     1 |    40 |    13 ||    54
       Mephitic Cloud    |       |       |       |    16 |    13 ||    29
       Summon Ice Beast  |       |       |       |    12 |    13 ||    25
       Blade Hands       |       |       |       |     2 |     7 ||     9
       Sticky Flame      |       |       |       |     1 |     5 ||     6
       Fireball          |       |       |       |       |     2 ||     2
 Abil: Breathe Dispellin |       |       |     1 |       |     1 ||     2
       End Transformatio |       |       |       |       |     1 ||     1
Evoke: Wand              |       |       |    19 |    29 |     8 ||    56
  Use: Scroll            |     5 |     3 |     3 |     8 |     8 ||    27
       Potion            |       |     3 |     3 |     9 |     2 ||    17
 Stab: Sleeping          |       |     3 |     5 |     5 |       ||    13
       Paralysed         |       |       |     9 |     4 |     2 ||    15
       Invisible         |       |       |       |     3 |       ||     3
       Confused          |       |       |       |     7 |     5 ||    12
       Distracted        |       |       |       |     1 |       ||     1
  Eat: Chunk             |     2 |     6 |    16 |    24 |     7 ||    55
       Ration            |       |       |       |     1 |     3 ||     4
Armor: Skin              |    42 |    19 |    34 |    97 |    75 ||   267
Dodge: Dodged            |   108 |   104 |   252 |   516 |   359 ||  1339
       Deflected         |       |       |       |       |     6 ||     6
       Rpst.: Falchion   |       |       |       |       |     3 ||     3

Table legend:
 A = Non-vault XP
 B = Vault XP
 C = Vault XP percentage of total XP
 D = Non-vault monster count
 E = Vault monster count
 F = Vault count percentage of total count
                 A         B        C        D         E       F
            +---------+---------+-------+---------+---------+-------
      Total |   44362 |   19883 |  30.9 |     359 |      90 |  20.0
            +---------+---------+-------+---------+---------+-------
        D:1 |      41 |      18 |  30.5 |      22 |       5 |  18.5
        D:2 |      60 |       0 |   0.0 |      20 |       0 |   0.0
        D:3 |      77 |     227 |  74.7 |      18 |       1 |   5.3
        D:4 |     540 |     282 |  34.3 |      26 |       5 |  16.1
        D:5 |     470 |       0 |   0.0 |      19 |       0 |   0.0
        D:6 |     470 |       0 |   0.0 |      11 |       0 |   0.0
        D:7 |     812 |       0 |   0.0 |      11 |       0 |   0.0
        D:8 |    4688 |       0 |   0.0 |      23 |       0 |   0.0
        D:9 |    2986 |    1426 |  32.3 |      29 |       2 |   6.5
       D:10 |    3845 |     851 |  18.1 |      48 |       3 |   5.9
       D:11 |    3080 |    2398 |  43.8 |      21 |      14 |  40.0
       D:12 |    6847 |       0 |   0.0 |      38 |       0 |   0.0
       D:13 |    3637 |    8892 |  71.0 |      22 |      47 |  68.1
       D:14 |   15729 |       0 |   0.0 |      45 |       0 |   0.0
       D:15 |    1080 |     935 |  46.4 |       6 |       1 |  14.3
   Gauntlet |       0 |    4854 | 100.0 |       0 |      12 | 100.0
            +---------+---------+-------+---------+---------+-------
